 Seeded DCSS version 0.29-a0-1019-g84f7d21838 (webtiles) character file.

Game seed: 20220810 (custom seed)

20 flotson the Sneak (level 2, -1/24 HPs)
             Began as a Demonspawn Delver on Aug 10, 2022.
             Succumbed to an adder's poison
             ... in a sewer.
             The game lasted 00:01:31 (664 turns).

flotson the Sneak (Demonspawn Delver)                Turns: 664, Time: 00:01:32

Health: -1/24      AC:  3    Str: 12    XL:     2   Next: 58%
Magic:  2/2        EV: 12    Int: 11    God:
Gold:   41         SH:  0    Dex: 14    Spells: 1/1 levels left

rFire   . . .      SeeInvis .   a - +0 hand axe
rCold   . . .      Faith    .   (no shield)
rNeg    . . .      Spirit   .   b - +0 leather armour
rPois   .          Reflect  .   (no helmet)
rElec   .          Harm     .   (no cloak)
rCorr   .          Rampage  .   (no gloves)
Will    .....                   (no boots)
Stlth   ++........              (no amulet)
HPRegen 0.08/turn               (no ring)
MPRegen 0.08/turn               (no ring)

@: lethally poisoned (-1 -> -11)
A: powered by pain 1
a: no special abilities


You were in a sewer.
You visited 1 branch of the dungeon, and saw 1 of its levels.
You also visited: Sewer.

You collected 41 gold pieces.

Inventory:

Hand Weapons
 a - a +0 hand axe (weapon)
Armour
 b - a +0 leather armour (worn)
Wands
 g - a wand of digging (3)
Scrolls
 c - a scroll of fog
 d - a scroll of magic mapping
 e - 2 scrolls of fear


   Skills:
 + Level 3.2 Fighting
 - Level 1.7 Axes
 + Level 0.8 Armour
 + Level 2.1 Dodging
 - Level 4.5 Stealth
 + Level 1.0 Evocations


You had one spell level left.
You didn't know any spells.
Your spell library was empty.

Dungeon Overview and Level Annotations

Branches:
Dungeon (5/15)              Sewer (1/1)
 Temple: D:4-7

Altars:


Innate Abilities, Weirdness & Mutations

You sometimes gain a little power by taking damage.


Message History

You closely miss the adder.
A nearby plant withers and dies. x2
The adder bites you but does no damage.
You hit the adder.
The adder is moderately wounded.
The adder closely misses you. The adder misses you.
You barely miss the adder.
The adder is moderately wounded.
The adder bites you.
You are poisoned.
The adder poisons you!
You hit the adder.
The adder is severely wounded.
You feel sick. The adder completely misses you.
The adder bites you but does no damage.
You miss the adder.
The adder is severely wounded.
You feel sick. The adder bites you.
You are more poisoned.
The adder poisons you! The adder barely misses you.
You barely miss the adder.
The adder is heavily wounded.
You feel very sick. The adder bites you but does no damage.
You hit the adder.
The adder is severely wounded.
You feel sick. The adder bites you.
* * * LOW HITPOINT WARNING * * *
You are more poisoned.
The adder poisons you! The adder completely misses you.
You miss the adder.
The adder is severely wounded.
* * * LOW HITPOINT WARNING * * *
You feel very sick. The adder bites you.
* * * LOW HITPOINT WARNING * * *
You aren't carrying any potions.
Okay, then.
You barely miss the adder.
The adder is severely wounded.
You die...

#######P.P#
###~.~.~# #...~.~##
# ####.~~...# ~.#
#~###.~.~รท..~##
h~..#~#.~~~#~#...~#
...~~~.~~~.#~#.~.~P#
~~....~.~.~#~#....P#
.~~~..P.S@~#~#.~PPP#
.~.~..#~#~~#~#~P.P.#
.~....#~#########.##
.~..~.#~# .#
....~~#~# .# .P~~~
#~. #~ #~


You could see an adder.

Vanquished Creatures
  2 adders
  A ball python (Sewer)
  A frilled lizard (Sewer)
4 creatures vanquished.

Vanquished Creatures (others)
  3 plants (Sewer)
3 creatures vanquished.

Grand Total: 7 creatures vanquished

Notes
Turn   | Place    | Note
-------+----------+-------------------------------------------
     0 | D:5      | flotson the Demonspawn Delver began the quest for the Orb.
     0 | D:5      | Reached XP level 1. HP: 18/18 MP: 1/1
   152 | D:5      | Found a glowing drain.
   163 | D:5      | Gained mutation: You sometimes gain a little power by
                  | taking damage. [demonic ancestry]
   163 | D:5      | Reached XP level 2. HP: 11/24 MP: 2/2
   172 | Sewer    | Entered a sewer
   397 | Sewer    | Reached skill level 1 in Evocations
   664 | Sewer    | Succumbed to an adder's poison

Illustrated notes

Levels and vault maps discovered:
D:5:      layout_loops_corners, hellmonk_ghost_happy_afterlife,
          portal_sewer_entry_d, st_stairs_2, lexackson_kobold_supper, uniq_ijyb,
          uniq_grinder
Sewer:    sewer_co_scattered_pipes

Skill      XL: |  1  2 |
---------------+-------+-----
Dodging        | 2 |  2.1
Evocations     | 1 |  1.0
Fighting       | |  3.2
Axes           | |  1.7
Armour         | |  0.8
Stealth        | |  4.5

Action                   || total
-------------------------++-------
Melee: Hand axe          ||    29
  Use: Potion            ||     1
Armor: Leather armour    ||     6
Dodge: Dodged            ||    15

Table legend: (Time is in decaauts)
 A = Elapsed time spent in this place.
 B = Non-inter-level travel time spent in this place.
 C = Inter-level travel time spent in this place.
 D = Time resting spent in this place.
 E = Time spent auto-exploring this place.
 F = Levels seen in this place.
 G = Mean time per level.
                   A        B        C        D        E       F      G
               +--------+--------+--------+--------+--------+-----+--------+
         Total |    659 |    659 |      0 |      0 |    579 |   2 |  329.5 |
       Dungeon |    170 |    170 |      0 |      0 |    148 |   1 |  170.0 |
         Sewer |    489 |    489 |      0 |      0 |    431 |   1 |  489.0 |
               +--------+--------+--------+--------+--------+-----+--------+

Top non-repeatable levels by time:
   Sewer: 489 daAuts
     D:5: 170 daAuts
